[Event "Slovakia Chess Open 2024"]
[Site "Modra"]
[Date "2024.03.03"]
[Round "5.3"]
[White "Shirinyan, Daniel"]
[Black "Galla, Richard"]
[Result "1-0"]
[ECO "D36"]
[WhiteElo "2177"]
[BlackElo "1975"]
[Annotator "RC"]
[PlyCount "99"]
[EventDate "2024.02.29"]
[EventType "swiss"]
[EventCountry "SVK"]
[SourceTitle "playchess.com"]
[Source "ChessBase"]
[SourceQuality "1"]
[TimeControl "5400+30"]

1. d4 Nf6 2. c4 e6 3. Nc3 d5 4. cxd5 exd5 5. Bg5 Be7 6. e3 c6 7. Qc2 O-O 8. Bd3 Nbd7 9. Nge2 Re8 10. O-O h6 11. Bh4 Ne4 12. Bxe7 Qxe7 13. Rae1 Nf8 14. f3 Nxc3 15. Nxc3 Qf6 16. Kh1 Bd7 17. Qd2 g6 18. Bc2 Ne6 19. Rd1 Rad8 20. e4 dxe4 21. fxe4 Qg7 22. Qf2 b6 23. Bb3 Bc8 24. e5 Ba6 25. Rfe1 g5 26. Ne4 Re7 27. Nd6 Rc7 28. Re3 Nf4 29. g3 Nd5 30. Rf3 Bc8 31. Bxd5 cxd5 32. Rc3 Rxc3 33. bxc3 Qg6 34. Rf1 Be6 35. Qd2 Kg7 36. Kg1 Rf8 37. Rf6 Qb1+ 38. Kg2 Rd8 39. Qf2 Rxd6 40. exd6 Qe4+ 41. Kg1 Qb1+ 42. Qf1 Qe4 43. Rf2 Qg6 44. Qe1 Kf8 45. Qe5 Ke8 46. Qf6 Qxf6 47. Rxf6 Kd7 48. Rxh6 Kxd6 49. Kf2 Ke7 50. Rh8 1-0

[Event "Slovakia Chess Open 2024"]
[Site "Modra"]
[Date "2024.03.03"]
[Round "5.4"]
[White "Banas, Kamil"]
[Black "Novomeska, Karin"]
[Result "1-0"]
[ECO "B12"]
[WhiteElo "2162"]
[BlackElo "1929"]
[Annotator "RC"]
[PlyCount "51"]
[EventDate "2024.02.29"]
[EventType "swiss"]
[EventCountry "SVK"]
[SourceTitle "playchess.com"]
[Source "ChessBase"]
[SourceQuality "1"]
[TimeControl "5400+30"]

1. e4 c6 2. d4 d5 3. e5 Bf5 4. Nf3 e6 5. Be2 Ne7 6. O-O Bg6 7. Nbd2 Nf5 8. c4 Be7 9. c5 b6 10. Nb3 Nd7 11. g4 Nh4 12. Nxh4 Bxh4 13. f4 f5 14. Bd3 Be7 15. Be3 h5 16. gxf5 Bxf5 17. Bxf5 exf5 18. Qc2 g6 19. cxb6 Qxb6 20. Kh1 Kf7 21. Rg1 Rhg8 22. Rg2 Rac8 23. Rc1 a5 24. Bf2 Nf8 25. Rcg1 Ne6 26. Rxg6 1-0

[Event "Slovakia Chess Open 2024"]
[Site "Modra"]
[Date "2024.03.03"]
[Round "5.5"]
[White "Melih, Mario"]
[Black "Oruzinsky, Juraj"]
[Result "1-0"]
[ECO "B78"]
[WhiteElo "1930"]
[BlackElo "2160"]
[Annotator "RC"]
[PlyCount "69"]
[EventDate "2024.02.29"]
[EventType "swiss"]
[EventCountry "SVK"]
[SourceTitle "playchess.com"]
[Source "ChessBase"]
[SourceQuality "1"]
[TimeControl "5400+30"]

1. e4 c5 2. Nf3 g6 3. d4 cxd4 4. Nxd4 Nc6 5. Be3 Bg7 6. Nc3 Nf6 7. Bc4 O-O 8. Bb3 d6 9. f3 Bd7 10. Qd2 a6 11. O-O-O Rc8 12. Kb1 Ne5 13. Bh6 Nc4 14. Bxc4 Rxc4 15. Bxg7 Kxg7 16. g4 h5 17. gxh5 Nxh5 18. Rhg1 Qa5 19. Rg5 Rc5 20. Nb3 Rxg5 21. Nxa5 Rxa5 22. Nd5 Rxd5 23. Qxd5 Bc6 24. Qg5 f6 25. Qg4 f5 26. exf5 Rxf5 27. Rg1 Rf6 28. Qxh5 Bxf3 29. Qg5 e5 30. h4 Kf7 31. Rf1 e4 32. Qd5+ Kg7 33. Qxb7+ Rf7 34. Qd5 Rf6 35. b4 1-0

[Event "Slovakia Chess Open 2024"]
[Site "Modra"]
[Date "2024.03.03"]
[Round "5.6"]
[White "Smetana, Peter"]
[Black "Hasala, Richard"]
[Result "1/2-1/2"]
[ECO "C47"]
[WhiteElo "1993"]
[BlackElo "1935"]
[Annotator "RC"]
[PlyCount "120"]
[EventDate "2024.02.29"]
[EventType "swiss"]
[EventCountry "SVK"]
[SourceTitle "playchess.com"]
[Source "ChessBase"]
[SourceQuality "1"]
[TimeControl "5400+30"]

1. e4 e5 2. Nf3 Nf6 3. Nc3 Nc6 4. d4 exd4 5. Nxd4 Bb4 6. Nxc6 bxc6 7. Bd3 d5 8. exd5 cxd5 9. O-O O-O 10. h3 c6 11. Qf3 h6 12. Bf4 Bd6 13. Bxd6 Qxd6 14. Qg3 Qxg3 15. fxg3 c5 16. b3 Bb7 17. g4 a6 18. Na4 Rac8 19. Rf4 Rfe8 20. Raf1 Re7 21. Kf2 Kf8 22. Re1 Rxe1 23. Kxe1 Ke7 24. Nb2 Kd6 25. Kf2 a5 26. Nd1 Ke5 27. Rf5+ Ke6 28. Rf4 g6 29. Nb2 Nd7 30. Bb5 Bc6 31. Bxc6 Rxc6 32. Ra4 Ra6 33. Nd3 Kd6 34. a3 g5 35. b4 c4 36. Nb2 Nb8 37. Ke3 axb4 38. axb4 Rxa4 39. Nxa4 Nc6 40. b5 Na7 41. b6 Nb5 42. c3 Kc6 43. Kd2 Nd6 44. Ke3 Kb5 45. Kd4 Kxa4 46. Kxd5 Nb7 47. Kxc4 Ka5 48. Kd5 Kxb6 49. Ke5 Nc5 50. Kf6 Nd3 51. Kxf7 Nf4 52. Kg7 Nxg2 53. Kxh6 Nf4 54. Kxg5 Nxh3+ 55. Kh4 Ng1 56. Kg3 Ne2+ 57. Kf3 Nxc3 58. g5 Nd5 59. g6 Ne7 60. g7 Kc6 1/2-1/2

[Event "Slovakia Chess Open 2024"]
[Site "Modra"]
[Date "2024.03.03"]
[Round "5.7"]
[White "Bucor, Mark"]
[Black "Kukla, Tomas"]
[Result "1/2-1/2"]
[ECO "B78"]
[WhiteElo "1852"]
[BlackElo "1864"]
[Annotator "NA RC"]
[PlyCount "81"]
[EventDate "2024.02.29"]
[EventType "swiss"]
[EventCountry "SVK"]
[SourceTitle "playchess.com"]
[Source "ChessBase"]
[SourceQuality "1"]
[TimeControl "5400+30"]

1. e4 c5 2. Nf3 d6 3. d4 cxd4 4. Nxd4 Nf6 5. Nc3 g6 6. Be3 Bg7 7. Qd2 O-O 8. f3 Nc6 9. O-O-O Bd7 10. Bc4 Rc8 11. Bb3 Ne5 12. h4 h5 13. Kb1 Nc4 14. Bxc4 Rxc4 15. b3 Rc8 16. Nd5 e6 17. Nxf6+ Qxf6 18. g4 Rc5 19. Bg5 Qxd4 20. Qxd4 Bxd4 21. Rxd4 hxg4 22. fxg4 e5 23. Rxd6 Bxg4 24. Rg1 Bf3 25. Rd7 Bxe4 26. Bh6 Rfc8 27. Rf1 Rxc2 28. Ka1 R2c7 29. Rfxf7 Rxd7 30. Rxd7 Re8 31. Bg5 a6 32. Kb2 Re6 33. Re7 Rxe7 34. Bxe7 Kf7 35. Bg5 Ke6 36. Kc3 Kd5 37. a4 Bb1 38. b4 b5 39. axb5 axb5 40. Kd2 Kc4 41. Be7 1/2-1/2

[Event "Slovakia Chess Open 2024"]
[Site "Modra"]
[Date "2024.03.03"]
[Round "5.8"]
[White "Loffay, Pavol"]
[Black "Pisarcik, Richard"]
[Result "1/2-1/2"]
[ECO "A07"]
[WhiteElo "1753"]
[BlackElo "1855"]
[Annotator "NA RC"]
[PlyCount "95"]
[EventDate "2024.02.29"]
[EventType "swiss"]
[EventCountry "SVK"]
[SourceTitle "playchess.com"]
[Source "ChessBase"]
[SourceQuality "1"]
[TimeControl "5400+30"]

1. d3 d5 2. Nf3 Nf6 3. g3 g6 4. Bg2 Bg7 5. O-O Nbd7 6. c3 e5 7. Qc2 b6 8. Bg5 O-O 9. Nbd2 Re8 10. Rfe1 h6 11. Bxf6 Nxf6 12. Rad1 Bb7 13. e4 Qd7 14. exd5 Nxd5 15. Nc4 f6 16. d4 exd4 17. Nxd4 Rxe1+ 18. Rxe1 Re8 19. Rxe8+ Qxe8 20. Qd2 b5 21. Ne3 Nxe3 22. Bxb7 Nc4 23. Qc2 f5 24. Bc6 Qe1+ 25. Kg2 a6 26. Bd5+ Kh8 27. Bxc4 bxc4 28. Qe2 Qxe2 29. Nxe2 Kg8 30. Nf4 Kf7 31. Kf3 c6 32. Ke3 g5 33. Ne2 c5 34. f4 g4 35. Ng1 Ke6 36. Ne2 Kd5 37. a3 Kc6 38. Nc1 Bf6 39. Kd2 Kb5 40. Ke3 Ka4 41. Kd2 a5 42. Kc2 h5 43. Kd2 Bg7 44. Kc2 Bh6 45. Ne2 Bf8 46. Nc1 Bg7 47. Kd2 Bh6 48. Kc2 1/2-1/2

[Event "Slovakia Chess Open 2024"]
[Site "Modra"]
[Date "2024.03.03"]
[Round "5.9"]
[White "Petrik, Matus"]
[Black "Zentko, Ladislav"]
[Result "1-0"]
[ECO "C30"]
[WhiteElo "1812"]
[BlackElo "1749"]
[Annotator "NA RC"]
[PlyCount "35"]
[EventDate "2024.02.29"]
[EventType "swiss"]
[EventCountry "SVK"]
[SourceTitle "playchess.com"]
[Source "ChessBase"]
[SourceQuality "1"]
[TimeControl "5400+30"]

1. e4 e5 2. f4 Bc5 3. Nf3 d6 4. Bc4 Nf6 5. d3 Nc6 6. h3 Be6 7. Bxe6 fxe6 8. Nc3 a6 9. fxe5 dxe5 10. Bg5 Qd6 11. Qd2 Nd4 12. Rf1 O-O-O 13. O-O-O Rhf8 14. Ne2 Bb4 15. c3 Nxf3 16. Rxf3 Bc5 17. Rdf1 Nxe4 18. dxe4 1-0

[Event "Slovakia Chess Open 2024"]
[Site "Modra"]
[Date "2024.03.03"]
[Round "5.10"]
[White "Pietrucha, Jaroslaw"]
[Black "Chojnacki, Kevin"]
[Result "1/2-1/2"]
[ECO "B02"]
[WhiteElo "1781"]
[BlackElo "1672"]
[Annotator "NA RC"]
[PlyCount "97"]
[EventDate "2024.02.29"]
[EventType "swiss"]
[EventCountry "SVK"]
[SourceTitle "playchess.com"]
[Source "ChessBase"]
[SourceQuality "1"]
[TimeControl "5400+30"]

1. e4 Nf6 2. Nc3 d5 3. exd5 Nxd5 4. Nxd5 Qxd5 5. d4 Nc6 6. Be3 Bf5 7. a3 e6 8. Nf3 Bg4 9. Be2 O-O-O 10. O-O Bd6 11. Ng5 Bxe2 12. Qxe2 Qf5 13. Rfd1 h6 14. Nf3 g5 15. c4 Be7 16. b4 g4 17. Ne5 Nxe5 18. dxe5 Qxe5 19. Qxg4 Bd6 20. g3 Rdg8 21. Qf3 Qf5 22. Qxf5 exf5 23. Bd4 Rh7 24. c5 Bf8 25. Re1 Bg7 26. Bxg7 Rhxg7 27. Re5 f4 28. Rd1 fxg3 29. hxg3 Rd8 30. Rde1 f6 31. Re6 Rf7 32. Kg2 Rd3 33. Re8+ Rd8 34. Rxd8+ Kxd8 35. Rd1+ Ke8 36. Rd5 Re7 37. Kf3 Kf7 38. Rd8 c6 39. Kf4 a6 40. f3 h5 41. a4 Kg7 42. Rd2 Kf7 43. Kf5 Re5+ 44. Kf4 Re7 45. a5 Kg6 46. Rh2 Re8 47. g4 hxg4 48. Kxg4 Kg7 49. Rh1 1/2-1/2

[Event "Slovakia Chess Open 2024"]
[Site "Modra"]
[Date "2024.03.03"]
[Round "5.11"]
[White "Smolka, Robert"]
[Black "Palka, Miroslav"]
[Result "1/2-1/2"]
[ECO "B72"]
[WhiteElo "1620"]
[BlackElo "1780"]
[Annotator "NA RC"]
[PlyCount "61"]
[EventDate "2024.02.29"]
[EventType "swiss"]
[EventCountry "SVK"]
[SourceTitle "playchess.com"]
[Source "ChessBase"]
[SourceQuality "1"]
[TimeControl "5400+30"]

1. e4 c5 2. Nf3 d6 3. d4 cxd4 4. Nxd4 Nf6 5. Bd3 g6 6. Be3 Bg7 7. Nc3 O-O 8. f3 Nc6 9. Qd2 Nxd4 10. Bxd4 Be6 11. O-O a6 12. a4 Qa5 13. Be3 Rfe8 14. b4 Qc7 15. Bd4 Bc4 16. Rac1 Rac8 17. f4 e5 18. Be3 Ng4 19. f5 Nxe3 20. Qxe3 gxf5 21. Rxf5 Be6 22. Nd5 Bxd5 23. exd5 e4 24. Bxe4 Qc4 25. Rf4 Bd4 26. Bxh7+ Kxh7 27. Qxd4 Qxd4+ 28. Rxd4 Rc3 29. Rf4 Kg7 30. Rg4+ Kf8 31. Rh4 1/2-1/2

[Event "Slovakia Chess Open 2024"]
[Site "Modra"]
[Date "2024.03.03"]
[Round "5.12"]
[White "Rozboril, Alex"]
[Black "Nosal, Tobias"]
[Result "1/2-1/2"]
[ECO "C01"]
[WhiteElo "1563"]
[BlackElo "1773"]
[Annotator "NA RC"]
[PlyCount "136"]
[EventDate "2024.02.29"]
[EventType "swiss"]
[EventCountry "SVK"]
[SourceTitle "playchess.com"]
[Source "ChessBase"]
[SourceQuality "1"]
[TimeControl "5400+30"]

1. e4 e6 2. Nf3 d5 3. exd5 exd5 4. d4 Nf6 5. Nc3 c6 6. Bf4 Bg4 7. Be2 Bd6 8. Bg3 O-O 9. O-O Bxg3 10. fxg3 Nbd7 11. Qd2 Qc7 12. Rae1 Rae8 13. Bd3 Qb6 14. Na4 Qc7 15. Qb4 b6 16. Qd2 Bh5 17. b3 Bg6 18. Nb2 Ne4 19. Bxe4 Bxe4 20. Ng5 Nf6 21. c4 Re7 22. Na4 Rfe8 23. Nc3 h6 24. Nh3 Bh7 25. Rc1 Ne4 26. Nxe4 Bxe4 27. Nf2 Qd7 28. Nxe4 Rxe4 29. Rcd1 Re2 30. Qd3 Rxa2 31. Rde1 dxc4 32. bxc4 Rd8 33. Rf4 Ra4 34. Ree4 Qd6 35. h3 Qb4 36. d5 Qc5+ 37. Kh2 cxd5 38. cxd5 Rxe4 39. Rxe4 g6 40. Rd4 b5 41. d6 b4 42. d7 Qe7 43. Rd5 b3 44. Qxb3 Rxd7 45. Qb8+ Kg7 46. Rxd7 Qxd7 47. Kh1 a6 48. Kh2 Qb5 49. Qd6 a5 50. Qd4+ Kh7 51. Qf6 Qf5 52. Qd4 h5 53. Qa4 Kg7 54. Qd4+ Qf6 55. Qa4 Qe5 56. Kg1 Qc5+ 57. Kh2 Qb4 58. Qa1+ Kg8 59. Qf6 a4 60. Qd8+ Kh7 61. Qf6 Qb3 62. g4 Qd5 63. gxh5 gxh5 64. Qf1 a3 65. Qb1+ Kg7 66. Qa1+ f6 67. Qxa3 Kg6 68. Qg3+ Kh6 1/2-1/2

[Event "Slovakia Chess Open 2024"]
[Site "Modra"]
[Date "2024.03.03"]
[Round "5.13"]
[White "Li, Geng Hui"]
[Black "Hitka, Dominik"]
[Result "0-1"]
[ECO "A85"]
[WhiteElo "1555"]
[BlackElo "1709"]
[Annotator "NA RC"]
[PlyCount "42"]
[EventDate "2024.02.29"]
[EventType "swiss"]
[EventCountry "SVK"]
[SourceTitle "playchess.com"]
[Source "ChessBase"]
[SourceQuality "1"]
[TimeControl "5400+30"]

1. d4 e6 2. c4 f5 3. Nc3 Nf6 4. a3 Be7 5. Nf3 O-O 6. Qc2 b6 7. Bf4 Bb7 8. e3 Ne4 9. Bd3 Nxc3 10. Qxc3 Bf6 11. Qb3 a5 12. a4 Na6 13. c5 Bd5 14. Bc4 Bxc4 15. Qxc4 bxc5 16. dxc5 Bxb2 17. Rd1 Qe7 18. O-O Qxc5 19. Qa2 Bf6 20. Rxd7 Rfe8 21. Rc1 Qxc1+ 0-1

[Event "Slovakia Chess Open 2024"]
[Site "Modra"]
[Date "2024.03.03"]
[Round "5.15"]
[White "Veres, Alex"]
[Black "Visvader, Kristof"]
[Result "0-1"]
[ECO "C60"]
[WhiteElo "1584"]
[BlackElo "1696"]
[Annotator "NA RC"]
[PlyCount "76"]
[EventDate "2024.02.29"]
[EventType "swiss"]
[EventCountry "SVK"]
[SourceTitle "playchess.com"]
[Source "ChessBase"]
[SourceQuality "1"]
[TimeControl "5400+30"]

1. e4 e5 2. Nf3 Nc6 3. Bb5 Nge7 4. Nc3 g6 5. d3 Bg7 6. O-O O-O 7. Be3 d6 8. Nd2 f5 9. Bc4+ Kh8 10. f4 Bh6 11. Ne2 fxe4 12. dxe4 Bg4 13. g3 d5 14. exd5 Nxd5 15. Bxd5 Qxd5 16. Nc3 Qd7 17. Qe1 exf4 18. Bxf4 Qd4+ 19. Qf2 Bxf4 20. Qxd4+ Nxd4 21. Rxf4 Rxf4 22. gxf4 Rf8 23. Rf1 c6 24. Rf2 Nxc2 25. Nb3 Ne3 26. Na5 Rf7 27. Ne4 Rd7 28. Rd2 Rxd2 29. Nxd2 Bc8 30. Kf2 Nd1+ 31. Ke2 Nxb2 32. Ne4 Kg7 33. Nc3 c5 34. Kd2 b6 35. Kc2 bxa5 36. Kxb2 Kf6 37. Kc2 Kf5 38. Ne2 Ba6 0-1

[Event "Slovakia Chess Open 2024"]
[Site "Modra"]
[Date "2024.03.03"]
[Round "5.16"]
[White "Mruskovic, Ondrej"]
[Black "Fratric, Jakub"]
[Result "0-1"]
[ECO "B95"]
[WhiteElo "1510"]
[BlackElo "1750"]
[Annotator "NA RC"]
[PlyCount "54"]
[EventDate "2024.02.29"]
[EventType "swiss"]
[EventCountry "SVK"]
[SourceTitle "playchess.com"]
[Source "ChessBase"]
[SourceQuality "1"]
[TimeControl "5400+30"]

1. e4 c5 2. Nf3 e6 3. Nc3 d6 4. d4 cxd4 5. Nxd4 Nf6 6. Bg5 a6 7. Nf3 Nbd7 8. Bc4 Qc7 9. Be2 b5 10. a3 Bb7 11. Nd2 Be7 12. O-O h6 13. Bf4 O-O 14. Bf3 Rac8 15. Nb3 Ne5 16. Bxe5 dxe5 17. Qe2 Nd7 18. Rad1 Nb6 19. Nd2 Rfd8 20. g3 Bg5 21. Qe1 Rxd2 22. Rxd2 Bxd2 23. Qxd2 Nc4 24. Qc1 Nxa3 25. Qa1 Nxc2 26. Qc1 Nd4 27. Bg2 b4 0-1

[Event "Slovakia Chess Open 2024"]
[Site "Modra"]
[Date "2024.03.03"]
[Round "5.18"]
[White "Hanzel, Richard"]
[Black "Gonda, Jan"]
[Result "0-1"]
[ECO "D20"]
[WhiteElo "1531"]
[BlackElo "1657"]
[Annotator "NA RC"]
[PlyCount "60"]
[EventDate "2024.02.29"]
[EventType "swiss"]
[EventCountry "SVK"]
[SourceTitle "playchess.com"]
[Source "ChessBase"]
[SourceQuality "1"]
[TimeControl "5400+30"]

1. d4 d5 2. c4 dxc4 3. e3 e6 4. Bxc4 a6 5. a4 b6 6. Nc3 Bb7 7. Nf3 Nf6 8. b3 Be7 9. Bb2 O-O 10. O-O Nbd7 11. Qe2 c5 12. Rad1 Qb8 13. h3 Qa7 14. d5 exd5 15. Nxd5 Nxd5 16. Bxd5 Bxd5 17. Rxd5 Nf6 18. Rd2 Rad8 19. Rfd1 Rxd2 20. Rxd2 Rd8 21. Ne5 Rxd2 22. Qxd2 Qc7 23. Qd3 Qc8 24. Kf1 Qe6 25. Kg1 a5 26. f3 Nd5 27. e4 Nb4 28. Qc4 Bf6 29. Qxe6 fxe6 30. Kf2 Bxe5 0-1

[Event "Slovakia Chess Open 2024"]
[Site "Modra"]
[Date "2024.03.04"]
[Round "6.1"]
[White "Banas, Kamil"]
[Black "Krivoborodov, Egor"]
[Result "1/2-1/2"]
[ECO "B22"]
[WhiteElo "2162"]
[BlackElo "2555"]
[Annotator "TA"]
[PlyCount "121"]
[EventDate "2024.02.29"]
[EventType "swiss"]
[EventCountry "SVK"]
[SourceTitle "playchess.com"]
[Source "ChessBase"]
[SourceQuality "1"]
[TimeControl "5400+30"]

1. e4 c5 2. c3 d5 3. exd5 Qxd5 4. d4 Nf6 5. Nf3 e6 6. Be3 cxd4 7. cxd4 Bb4+ 8. Nc3 O-O 9. Bd3 b6 10. O-O Bxc3 11. bxc3 Ba6 12. Bxa6 Nxa6 13. Qe2 Nb8 14. c4 Qe4 15. Qb2 Nc6 16. h3 Rac8 17. Rac1 Rfd8 18. Rfd1 h6 19. Qa3 Rc7 20. Rc3 e5 (20... Qf5 $142) 21. d5 $11 {[%emt 0:02:30] Black must now prevent Nd2.} Na5 22. Nd2 Qf5 23. Rdc1 Rdc8 {[%emt 0:00:59] [#]} ({Better is} 23... Qg6 $14) 24. Bxh6 $1 $16 Kh7 (24... gxh6 $2 25. Rf3 Qh5 26. Rxf6 $18) (24... Nh5 25. Be3) 25. Rf3 ({White should play} 25. g4 $16 Qd7 26. Be3) 25... Qh5 (25... Qg6 $11 {and Black is okay.} 26. Be3 Nxd5) 26. d6 $2 (26. Be3 $18) 26... Qxh6 $11 27. Qd3+ $1 (27. dxc7 $2 Qxd2 28. Rd3 Qf4 $17 (28... Qh6 29. Rdd1 $17)) 27... e4 $1 28. Rxf6 exd3 29. Rxh6+ Kxh6 30. dxc7 Rxc7 {[%emt 0:00:00][%mdl 4096] Endgame. KRN-KRN} 31. a4 (31. Rc3 $11) 31... Nb7 $15 32. Ra1 (32. Nb3 $1 $15) 32... Re7 ({Black should try} 32... a5 $17 {...Nc5 is the strong threat.} 33. f3 (33. Rb1 Rc6 $17) 33... Nc5) 33. Nb3 $1 $11 Re4 34. Rd1 $1 {[%emt 0:01:38] The position is equal.} Rxc4 35. Rxd3 Rxa4 36. Rd7 Nc5 37. Nxc5 bxc5 38. Rxf7 {[%emt 0:00:08] KR-KR} a5 39. Rc7 Rc4 40. Kf1 a4 41. Ra7 Rb4 42. Ke2 c4 43. f4 Rb2+ 44. Kf3 a3 45. Ra6+ (45. Rxa3 $2 {perishes.} Rb3+ 46. Ke4 Rxa3 $19) 45... Kh7 {[%emt 0:00:07] aiming for ...a2.} 46. Ke4 (46. Rxa3 Rb3+ 47. Rxb3 cxb3 $19) 46... a2 47. Kd4 Rxg2 48. Kxc4 g6 49. Kd4 Kg7 50. Ke4 Re2+ 51. Kf3 Rb2 52. Kg4 Rg2+ 53. Kf3 Rc2 54. Kg4 Rf2 55. h4 Rg2+ 56. Kf3 Rd2 57. Kg4 Kf7 58. h5 gxh5+ 59. Kxh5 Rg2 60. Kh4 Ke7 61. Kh3 {[%emt 0:00:06] Weighted Error Value: White=0.14 (very precise) /Black=0.13 (very precise) .  Loses game:     	---       	Black=1      Missed win:     	White=1     	---        Mistake:       	White=3     	Black=3      OK:         	White=28    	Black=20     Best:        	White=3     	Black=1      Strong:       	White=3     	Black=1      Brilliant:      	White=1     	---} 1/2-1/2

[Event "Slovakia Chess Open 2024"]
[Site "Modra"]
[Date "2024.03.04"]
[Round "6.2"]
[White "Stevik, Patrik"]
[Black "Melih, Mario"]
[Result "1-0"]
[ECO "E06"]
[WhiteElo "2167"]
[BlackElo "1930"]
[Annotator "RC"]
[PlyCount "73"]
[EventDate "2024.02.29"]
[EventType "swiss"]
[EventCountry "SVK"]
[SourceTitle "playchess.com"]
[Source "ChessBase"]
[SourceQuality "1"]
[TimeControl "5400+30"]

1. Nf3 Nf6 2. g3 d5 3. Bg2 e6 4. O-O Be7 5. d4 O-O 6. c4 c6 7. Qc2 b6 8. Bf4 Bb7 9. Rd1 Nbd7 10. a4 Rc8 11. a5 c5 12. a6 Ba8 13. dxc5 Bxc5 14. Nc3 Qe7 15. cxd5 Nxd5 16. Bg5 f6 17. Bd2 Rfd8 18. Qb3 Nxc3 19. Bxc3 Kh8 20. e3 Nf8 21. Qa4 e5 22. Nh4 Bxg2 23. Kxg2 Qe8 24. Qe4 Rxd1 25. Rxd1 Qc6 26. Qxc6 Rxc6 27. Rd8 Kg8 28. Rb8 Rc7 29. f4 exf4 30. exf4 Kf7 31. Nf5 Rd7 32. b4 Be7 33. Be1 Ne6 34. Bf2 g6 35. Rb7 Ke8 36. Nxe7 Kxe7 37. Bxb6 1-0

[Event "Slovakia Chess Open 2024"]
[Site "Modra"]
[Date "2024.03.04"]
[Round "6.3"]
[White "Bochnicka, Vladimir"]
[Black "Shirinyan, Daniel"]
[Result "1-0"]
[ECO "B81"]
[WhiteElo "2413"]
[BlackElo "2177"]
[Annotator "RC"]
[PlyCount "95"]
[EventDate "2024.02.29"]
[EventType "swiss"]
[EventCountry "SVK"]
[SourceTitle "playchess.com"]
[Source "ChessBase"]
[SourceQuality "1"]
[TimeControl "5400+30"]

1. e4 c5 2. Nf3 d6 3. d4 cxd4 4. Nxd4 Nf6 5. Nc3 a6 6. h3 e6 7. g4 Nfd7 8. Be3 Be7 9. Qd2 b5 10. a3 Bb7 11. Rg1 Nc6 12. Nb3 Rc8 13. g5 Nce5 14. Be2 O-O 15. f4 Nc4 16. Bxc4 Rxc4 17. f5 Ne5 18. O-O-O Nf3 19. Qg2 Nxg1 20. f6 Bxf6 21. gxf6 Qxf6 22. Rxg1 Rfc8 23. e5 Qxe5 24. Qf2 Qf5 25. Qxf5 exf5 26. Na5 R4c7 27. Nxb7 Rxb7 28. Bd4 f6 29. Bxf6 Kf8 30. Bg5 Rc4 31. Rf1 Rf7 32. Bf4 Rd4 33. Ne2 Rd5 34. Nc3 Rd4 35. Ne2 Rd5 36. c3 Rd3 37. h4 Rh3 38. Bxd6+ Ke8 39. Rf4 Rd7 40. Bc5 Rh1+ 41. Kc2 Rh2 42. Bf2 Re7 43. Kd3 g6 44. Nd4 Kd7 45. Nb3 Kc6 46. Na5+ Kc7 47. c4 Re4 48. Bg3 1-0

[Event "Slovakia Chess Open 2024"]
[Site "Modra"]
[Date "2024.03.04"]
[Round "6.4"]
[White "Oruzinsky, Juraj"]
[Black "Mruskovic, Radoslav"]
[Result "1/2-1/2"]
[ECO "A41"]
[WhiteElo "2160"]
[BlackElo "1933"]
[Annotator "RC"]
[PlyCount "75"]
[EventDate "2024.02.29"]
[EventType "swiss"]
[EventCountry "SVK"]
[SourceTitle "playchess.com"]
[Source "ChessBase"]
[SourceQuality "1"]
[TimeControl "5400+30"]

1. e4 d6 2. d4 Nf6 3. Bd3 c6 4. Nf3 Bg4 5. h3 Bh5 6. O-O Qb6 7. c3 Nbd7 8. Nbd2 e5 9. Nc4 Qc7 10. a4 d5 11. exd5 e4 12. d6 Bxd6 13. Re1 O-O-O 14. Nxd6+ Qxd6 15. Bxe4 Rhe8 16. Bd3 Bxf3 17. gxf3 Rxe1+ 18. Qxe1 Re8 19. Qf1 Qd5 20. f4 Qf3 21. Be3 Nd5 22. Bf5 Nxe3 23. fxe3 Qxe3+ 24. Qf2 g6 25. Qxe3 Rxe3 26. Kf2 Re7 27. Bxd7+ Kxd7 28. Rd1 b5 29. Ra1 a6 30. axb5 axb5 31. Kf3 Kd6 32. b3 Kd5 33. Ra8 Rd7 34. Ra5 Re7 35. Ra8 Rd7 36. Rh8 b4 37. cxb4 Kxd4 38. Rc8 1/2-1/2

[Event "Slovakia Chess Open 2024"]
[Site "Modra"]
[Date "2024.03.04"]
[Round "6.5"]
[White "Novomeska, Karin"]
[Black "Smetana, Peter"]
[Result "1/2-1/2"]
[ECO "A57"]
[WhiteElo "1929"]
[BlackElo "1993"]
[Annotator "RC"]
[PlyCount "51"]
[EventDate "2024.02.29"]
[EventType "swiss"]
[EventCountry "SVK"]
[SourceTitle "playchess.com"]
[Source "ChessBase"]
[SourceQuality "1"]
[TimeControl "5400+30"]

1. d4 Nf6 2. Nf3 c5 3. d5 g6 4. c4 b5 5. Nfd2 bxc4 6. e4 d6 7. Nc3 Bg7 8. Nxc4 O-O 9. Be2 Nbd7 10. O-O Nb6 11. Re1 Nxc4 12. Bxc4 Nd7 13. Qc2 Rb8 14. b3 Ne5 15. Be2 f5 16. Bb2 fxe4 17. Nxe4 Bf5 18. f4 Bxe4 19. Qxe4 Rb4 20. Bc4 Nf3+ 21. Qxf3 Bxb2 22. Rad1 Bf6 23. g4 Be5 24. Re4 g5 25. f5 Kg7 26. Kg2 1/2-1/2

[Event "Slovakia Chess Open 2024"]
[Site "Modra"]
[Date "2024.03.04"]
[Round "6.6"]
[White "Galla, Richard"]
[Black "Bucor, Mark"]
[Result "1/2-1/2"]
[ECO "D00"]
[WhiteElo "1975"]
[BlackElo "1852"]
[Annotator "ChessBase"]
[PlyCount "69"]
[EventDate "2024.02.29"]
[EventType "swiss"]
[EventCountry "SVK"]
[SourceTitle "playchess.com"]
[Source "ChessBase"]
[SourceQuality "1"]
[TimeControl "5400+30"]

1. d4 Nf6 2. Nc3 d5 3. Bf4 e6 4. Nf3 c5 5. e3 a6 6. Bd3 Nc6 7. h3 Bd6 8. dxc5 Bxf4 9. exf4 Qa5 10. Qd2 Qxc5 11. a3 b5 12. O-O O-O 13. Rfe1 Bb7 14. Ne5 Qd6 15. Rad1 Rac8 16. Na2 Nd7 17. Nxd7 Qxd7 18. Nc1 Qe7 19. b4 Qf6 20. Nb3 Rc7 21. Nc5 Rfc8 22. c3 Nb8 23. g4 Nd7 24. g5 Qe7 25. Nxd7 Qxd7 26. Re3 g6 27. Be2 Qd6 28. Qd4 Qf8 29. Kh2 Qg7 30. Qxg7+ Kxg7 31. Rdd3 Bc6 32. Kg3 Bd7 33. Bg4 h5 34. Be2 Bc6 35. Bd1 1/2-1/2

[Event "Slovakia Chess Open 2024"]
[Site "Modra"]
[Date "2024.03.04"]
[Round "6.7"]
[White "Hasala, Richard"]
[Black "Petrik, Matus"]
[Result "1-0"]
[ECO "B85"]
[WhiteElo "1935"]
[BlackElo "1812"]
[Annotator "RC"]
[PlyCount "61"]
[EventDate "2024.02.29"]
[EventType "swiss"]
[EventCountry "SVK"]
[SourceTitle "playchess.com"]
[Source "ChessBase"]
[SourceQuality "1"]
[TimeControl "5400+30"]

1. e4 c5 2. Nf3 e6 3. d4 cxd4 4. Nxd4 Nc6 5. Nc3 Qc7 6. Be3 a6 7. Be2 Nf6 8. O-O Be7 9. a4 O-O 10. f4 d6 11. f5 Nxd4 12. Bxd4 e5 13. Be3 Bd7 14. g4 Bc6 15. Bf3 h6 16. a5 Nh7 17. Qe1 Bg5 18. Bf2 Bf4 19. h4 Bb5 20. Be2 Nf6 21. Bd3 Bxd3 22. cxd3 Nxg4 23. Bb6 Qd7 24. Nd5 Bh2+ 25. Kh1 h5 26. f6 g6 27. Rc1 Qb5 28. Qe2 Bg3 29. Rg1 Bxh4 30. Rxg4 hxg4 31. Qxg4 1-0